 Dungeon Sprint DCSS version 0.30.1-11-g7821555f0a (webtiles) character file.

Game seed: 12880343275268764642

471 Heoruswealwe the Spear-Bearer (level 6, -5/64 HPs)
             Began as a Minotaur Fighter on Jan 4, 2024.
             Was an Initiate of Gozag.
             Slain by a two-headed ogre
             ... wielding a +0 dire flail
              (17 damage)
             ... in the Dungeon (Sprint IX: "|||||||||||||||||||||||||||||").
             The game lasted 00:01:29 (137 turns).

Heoruswealwe the Spear-Bearer (Minotaur Fighter)     Turns: 137, Time: 00:01:29

Health: -5/64      AC: 11    Str: 22    XL:     6   Next: 83%
Magic:  5/5        EV:  8    Int:  5    God:    Gozag
Gold:   0          SH:  4    Dex: 10    Spells: 5/5 levels left

rFire   . . .        a - +0 trident
rCold   . . .        d - +0 buckler
rNeg    . . .        c - +0 chain mail
rPois   .            (helmet restricted)
rElec   .            (no cloak)
rCorr   .            (no gloves)
SInv    .            (no boots)
Will    .....        (no amulet) Stlth
                     (no ring)
HPRegen 0.30/turn    (no ring)
MPRegen 0.09/turn

%: no teleportation
@: gold aura, slowed, very slow
A: horns 2, retaliatory headbutt
a: Renounce Religion, Potion Petition, Call Merchant, Bribe Branch


You were in the Dungeon.
You worshipped Gozag.
Gozag was noncommittal.
You visited 1 branch

Inventory:

Hand Weapons
 a - a +0 trident (weapon)
Armour
 c - a +0 chain mail (worn)
 d - a +0 buckler (worn)
Jewellery
 k - a +3 ring of intelligence
 l - a +3 ring of dexterity
Wands
 h - a wand of iceblast (10)
Scrolls
 j - 2 scrolls of blinking
Potions
 b - a potion of might
 e - 5 potions of curing
 f - 3 potions of heal wounds
 g - a potion of haste
 i - a potion of berserk rage


   Skills:
 + Level 9.5 Fighting
 * Level 12.5 Polearms
 + Level 9.5 Armour
 - Level 3.6 Shields


You had 5 spell levels left.
You didn't know any spells.
Your spell library was empty.

Dungeon Overview and Level Annotations

Branches:
Dungeon (1/1)

Altars:
Cheibriados
Dithmenos
Elyvilon
Fedhas
Gozag
Hepliaklqana
Kikubaaqudgha
Makhleb
Nemelex Xobeh
Okawaru
Qazlal
Ru
Sif Muna
Trog
Uskayaw
Vehumet
Wu Jian
Xom
Yredelemnul
Zin
The Shining One
Jiyva
Lugonu


Innate Abilities, Weirdness & Mutations

You have a pair of horns on your head.
You reflexively headbutt those who attack you in melee.


Message History

The wraith is moderately damaged.
The wraith hits you but does no damage.
You puncture the wraith! Your headbutt misses the wraith.
The wraith is heavily damaged.
The wraith hits you but does no damage.
You barely miss the wraith. Your headbutt misses the wraith.
The wraith is heavily damaged.
The wraith is distracted by your dazzling golden aura.
You catch the helpless wraith completely off-guard!
You hit the wraith but do no damage.
The wraith is no longer distracted by gold.
You headbutt the wraith, but do no damage.
The wraith is heavily damaged.
You block the wraith's attack.
You barely miss the wraith.
The wraith is heavily damaged.
The wraith hits you but does no damage.
You hit the wraith.
The wraith is severely damaged.
You feel yourself speed up. The wraith hits you. The wraith drains your vigour!
You feel yourself slow down.
You puncture the wraith!
The wraith is almost destroyed.
The wraith barely misses you.
You barely miss the wraith. You headbutt the wraith.
You destroy the wraith!
The two-headed ogre hits you with a +0 dire flail!
The two-headed ogre hits you with a +0 giant spiked club!
* * * LOW HITPOINT WARNING * * *
Your Fighting skill increases to level 9!
Your Polearms skill increases to level 12!
Your Armour skill increases to level 9!
You hit the two-headed ogre but do no damage.
You hit the two-headed ogre.
The two-headed ogre is lightly wounded.
The two-headed ogre barely misses you.
The two-headed ogre hits you with a +0 giant spiked club!
You die...
Your body crumbles into a pile of gold. $$$$$ $ $ $ $$$$$ $$$$$ $ ▓▓▓▓▓▓▓▓▓▓▓▓▓▓▓▓▓▓▓▓▓▓▓▓ +...ccO@..[[[.)?!'______ ▓▓▓▓▓▓▓▓▓▓▓▓▓▓▓▓▓▓▓▓▓▓▓▓

You could see a two-headed ogre and 2 centaurs.

Vanquished Creatures
  A wraith (D)
  A centaur (D)
  A phantom (D)
  A kobold brigand (D)
  A howler monkey (D)
  An orc priest (D)
  A jelly (D)
  An orc (D)
  A giant cockroach (D)
  A hobgoblin (D)
  A quokka (D)
  A kobold (D)
  A rat (D)
13 creatures vanquished.

Notes
Turn   | Place    | Note
-------+----------+-------------------------------------------
     0 | D        | Heoruswealwe the Minotaur Fighter began the quest for the
                  | Orb.
     0 | D        | Reached XP level 1. HP: 19/19 MP: 0/0
    15 | D        | Reached skill level 3 in Polearms
    24 | D        | Noticed a phantom
    24 | D        | Noticed an orc priest
    24 | D        | Noticed a jelly
    24 | D        | Noticed a howler monkey
    27 | D        | Killed a howler monkey
    28 | D        | Reached skill level 5 in Fighting
    28 | D        | Reached skill level 6 in Polearms
    28 | D        | Reached skill level 5 in Armour
    28 | D        | Reached XP level 2. HP: 29/29 MP: 1/1
    28 | D        | Reached XP level 3. HP: 36/36 MP: 2/2
    32 | D        | Reached skill level 7 in Polearms
    32 | D        | Reached XP level 4. HP: 36/44 MP: 3/3
    45 | D        | Reached skill level 8 in Polearms
    54 | D        | Killed a phantom
    55 | D        | Reached skill level 9 in Polearms
    55 | D        | Reached XP level 5. HP: 22/52 MP: 4/4
    71 | D        | Found a snail-covered altar of Cheibriados.
    71 | D        | Found a shadowy altar of Dithmenos.
    71 | D        | Found a white marble altar of Elyvilon.
    71 | D        | Found a blossoming altar of Fedhas.
    71 | D        | Found an opulent altar of Gozag.
    72 | D        | Found a hazy altar of Hepliaklqana.
    73 | D        | Found a viscous altar of Jiyva.
    74 | D        | Found an ancient bone altar of Kikubaaqudgha.
    75 | D        | Found a corrupted altar of Lugonu.
    76 | D        | Found a burning altar of Makhleb.
    77 | D        | Found a sparkling altar of Nemelex Xobeh.
    78 | D        | Found an iron altar of Okawaru.
    79 | D        | Became a worshipper of Gozag Ym Sagoz the Greedy
    80 | D        | Found a stormy altar of Qazlal.
    81 | D        | Found a sacrificial altar of Ru.
    82 | D        | Found a shimmering blue altar of Sif Muna.
    83 | D        | Found a bloodstained altar of Trog.
    84 | D        | Found a hide-covered altar of Uskayaw.
    85 | D        | Found a radiant altar of Vehumet.
    86 | D        | Found an ornate altar of the Wu Jian Council.
    87 | D        | Found a shimmering altar of Xom.
    88 | D        | Found a basalt altar of Yredelemnul.
    89 | D        | Found a glowing silver altar of Zin.
    90 | D        | Found a glowing golden altar of the Shining One.
   114 | D        | Noticed a centaur
   114 | D        | Noticed a centaur
   114 | D        | Noticed a two-headed ogre
   114 | D        | Noticed a wraith
   114 | D        | Noticed a centaur
   122 | D        | Reached skill level 10 in Polearms
   125 | D        | Killed a centaur
   126 | D        | Reached skill level 11 in Polearms
   126 | D        | Reached XP level 6. HP: 43/62 MP: 5/5
   135 | D        | Killed a wraith
   136 | D        | Reached skill level 12 in Polearms
   137 | D        | Slain by a two-headed ogre

Illustrated notes

Levels and vault maps discovered:
D:        linesprint [early_d, line_temple, items_1, d_10, items_2, lair_1,
          lair_end, items_3, orc_1, orc_end, items_4, d_15, swamp_1, shoals_1,
          snake_1, spider_1, d_20, vaults_1, items_5, swamp_end, shoals_end,
          snake_end, spider_end, vaults_end, d_27, items_6, zot_1, zot_end,
          crypt_end, forest_end, elf_end, slime_end, tomb_end, abyss_end,
          pan_hell_end]

Skill      XL: |  1  2  3  4  5  6 |
---------------+-------------------+-----
Polearms       | 6 7 9 11 12 | 12.5
Fighting       | 5 7 8 9 |  9.5
Armour         | 5 7 8 9 |  9.5
Shields        | |  3.6

Action                     |  1- 3 |  4- 6 || total
---------------------------+-------+-------++-------
  Melee: Trident           |    19 |    45 ||    64
         Headbutt          |     2 |     5 ||     7
   Stab: Distracted        |       |     1 ||     1
 Armour: Scale mail        |     8 |     1 ||     9
         Chain mail        |       |     7 ||     7
  Dodge: Dodged            |     6 |    15 ||    21
  Block: Buckler           |     5 |     9 ||    14
